 Dungeon Crawl Stone Soup version 0.31-a0-233-g139696dc86 (webtiles) character file.

Game seed: 8087885085899288173

79 qw the Shooter (level 4, -4/26 HPs)
             Began as a Gargoyle Hexslinger on July 9, 2023.
             Slain by Terence
             ... wielding a +0 flail
              (10 damage)
             ... on level 3 of the Dungeon.
             The game lasted 00:00:48 (1744 turns).

qw the Shooter (Gargoyle Hexslinger)                Turns: 1744, Time: 00:00:49

Health: -4/26      AC:  6    Str: 10 (12) XL:     4   Next: 38%
Magic:  5/5        EV: 12    Int: 12 (13) God:
Gold:   29         SH:  0    Dex: 13 (14) Spells: 4/5 levels left

rFire   . . .        Y - +1 sling
rCold   . . .        (no shield)
rNeg    + . .        c - +0 robe
rPois   inf          d - +0 helmet
rElec   +            (no cloak)
rCorr   .            (no gloves)
SInv    .            (no boots)
Will    .....        (no amulet)
Stlth   +            (no ring)
HPRegen 0.24/turn    (no ring)
MPRegen 0.09/turn

%: no passive effects
@: no status effects
A: sickness immunity, AC +3, negative energy resistance 1, electricity
resistance, torment resistance 1, petrification resistance
a: no special abilities


You were on level 3 of the Dungeon.
You visited 1 branch of the dungeon, and saw 3 of its levels.

You collected 159 gold pieces.
You spent 130 gold pieces at shops.


Innate Abilities, Weirdness & Mutations

You are immune to sickness and miasma.
Your stone body is resilient. (AC +3)
You are immune to poison.
You resist negative energy. (rN+)
You are resistant to electric shocks. (rElec)
You are resistant to unholy torment.
You are immune to petrification.


   Skills:
 - Level 2.0 Fighting
 + Level 4.2 Ranged Weapons
 - Level 1.5 Dodging
 - Level 1.0 Spellcasting
 - Level 2.6 Hexes


You had 4 spell levels left.
You knew the following spells:

 Your Spells              Type           Power      Damage    Failure   Level
a - Slow                  Hex            28%        N/A       10%         1

Your spell library contained the following spells:

 Spells                   Type           Power      Damage    Failure   Level
 Inner Flame              Hex/Fire       3%         N/A       45%         3
 Portal Projectile        Hex/Tloc       6%         N/A       45%         3
 Cause Fear               Hex            3%         N/A       69%         4

Inventory:

Hand Weapons
 Y - a +1 sling (weapon)
Armour
 c - a +0 robe (worn)
 d - a +0 helmet (worn)
 h - a +0 cloak
 k - a +0 leather armour
 l - a +0 ring mail
Potions
 a - a potion of lignification {unknown}
 b - a potion of heal wounds {unknown}
 e - a potion of attraction {unknown}
 f - a potion of cancellation {unknown}
 g - a potion of berserk rage {unknown}
 i - 2 potions of resistance
 j - a potion of brilliance {unknown}

Dungeon Overview and Level Annotations

Branches:
Dungeon (3/15)

Altars:

Shops:
D:3 *

Annotations:
D:3 Terence


Message History

Enter note:
Enter note:
Enter note:
Enter note:
Enter note: You shoot a sling bullet.
The sling bullet closely misses Terence.
You shoot a sling bullet. The sling bullet hits Terence.
Terence is lightly wounded.
The kobold throws a stone.
The stone barely misses you. Terence hits you with a +0 flail.
You shoot a sling bullet.
The sling bullet hits Terence but does no damage.
Terence is lightly wounded.
Terence closely misses you.
You shoot a sling bullet.
The sling bullet hits Terence but does no damage.
Terence is lightly wounded.
Terence hits you with a +0 flail.
The kobold throws a stone.
The stone misses you. Terence hits you with a +0 flail.
You shoot a sling bullet.
The sling bullet closely misses Terence.
Terence bares his teeth.
Terence completely misses you.
You shoot a sling bullet. The sling bullet hits Terence.
Terence is heavily wounded.
The kobold throws a stone.
The stone barely misses you. Terence hits you with a +0 flail!
You shoot a sling bullet.
The sling bullet hits Terence but does no damage.
Terence is heavily wounded.
Terence barely misses you.
You shoot a sling bullet.
The sling bullet closely misses Terence.
The kobold throws a stone.
The stone hits you. Terence barely misses you.
You shoot a sling bullet.
The sling bullet hits Terence but does no damage.
Terence is heavily wounded.
Terence hits you with a +0 flail!
You die...

#.# #.#####
#########.)...#
#.........###.#
####.#######.# #.#
.... #.# #.# #.. #.#
#.#
#.###.@#######.###.#
......K@...........#
.####..#######.#####
#..#######.#
............#
##############


You could see Terence and a kobold.

Vanquished Creatures
  2 adders (D:2)
  A worm (D:2)
  A dart slug (D:1)
  An orc (D:3)
  A giant cockroach (D:2)
  7 goblins
  7 hobgoblins
  6 jackals (D:1)
  2 quokkas (D:1)
  5 ball pythons
  8 bats
  3 kobolds
  5 rats
49 creatures vanquished.

Notes
Turn   | Place    | Note
-------+----------+-------------------------------------------
     0 | D:1      | qw the Gargoyle Hexslinger began the quest for the Orb.
     0 | D:1      | Reached XP level 1. HP: 12/12 MP: 2/2
     0 | D:1      | 0 ||| qw: Version: 0.3-a-51-g015441d
     0 | D:1      | 0 ||| qw: Game counter: 3842
     0 | D:1      | 0 ||| qw: Melee chars always use a shield: true
     0 | D:1      | 0 ||| qw: God list: Okawaru
     0 | D:1      | 0 ||| qw: Allow faded altars: false
     0 | D:1      | 0 ||| qw: Do Orc after clearing Dungeon:15 true
     0 | D:1      | 0 ||| qw: Do second Lair branch before Depths: true
     0 | D:1      | 0 ||| qw: Lair rune preference: random
     0 | D:1      | 0 ||| qw: Goals: Normal
     0 | D:1      | 0 ||| PLANNING D:1-11
   141 | D:1      | Reached XP level 2. HP: 16/16 MP: 3/3
   155 | D:1      | 155 ||| Stepping ~*~*~tactically~*~*~ (water).
   269 | D:1      | Reached skill level 3 in Ranged Weapons
   358 | D:1      | Reached XP level 3. HP: 20/21 MP: 4/4
   647 | D:1      | 647 ||| UPGRADING to +0 helmet.
   652 | D:1      | 652 ||| READING scroll labelled NIYLEDWEFUOB.
   653 | D:1      | 653 ||| READING scroll labelled DOATTI FEYBB.
   670 | D:1      | 670 ||| READING scroll labelled IMNUGO TONUI.
   671 | D:1      | 671 ||| READING scroll labelled REUROV ADE.
   672 | D:1      | 672 ||| READING scroll labelled PICOMO VOHEL.
   673 | D:1      | 673 ||| READING scroll labelled MISO HAXAMURCH.
   674 | D:1      | 674 ||| DROPPING scroll of poison.
   987 | D:2      | Reached XP level 4. HP: 24/26 MP: 5/5
  1323 | D:2      | Reached skill level 4 in Ranged Weapons
  1349 | D:2      | Found a faded altar of an unknown god.
  1425 | D:2      | 1425 ||| READING scroll labelled BODUPIFAMI.
  1426 | D:2      | 1426 ||| DRINKING 2 glowing emerald potions.
  1427 | D:2      | 1427 ||| DROPPING potion of degeneration.
  1617 | D:3      | Found Dyuxt's General Store.
  1624 | D:3      | 1624 ||| BUYING potion of resistance (130 gold).
  1624 | D:3      | Bought a potion of resistance for 130 gold pieces
  1624 | D:3      | 1624 ||| SHOPLISTING scroll of teleportation (39 gold, have
                  | 16).
  1735 | D:3      | Noticed Terence
  1741 | D:3      | HP: 6/26 [Terence/+0 flail (8)]
  1744 | D:3      | Slain by Terence

Levels and vault maps discovered:
D:1:      dpeg_arrival_leaves_temple_mockup, layout_basic, serial_bayou_lagoon_b
D:2:      layout_loops_cross, shapermc_ecumenical_altar_petra
D:3:      layout_loops_cross, mainiacjoe_overflow_alcove_2, serial_shops, shop,
          uniq_terence

Skill      XL: |  1  2  3  4 |
---------------+-------------+-----
Ranged Weapons | 3 4 |  4.2
Fighting       | 2 |  2.0
Dodging        | |  1.5
Spellcasting   | |  1.0
Hexes          | |  2.6

Action                     |  1- 3 |  4- 6 || total
---------------------------+-------+-------++-------
   Fire: Sling             |   115 |    82 ||   197
    Use: Scroll            |     6 |     1 ||     7
         Potion            |       |     1 ||     1
 Armour: Robe              |    23 |     8 ||    31
  Dodge: Dodged            |    68 |    31 ||    99

Table legend:
 A = Non-vault XP
 B = Vault XP
 C = Vault XP percentage of total XP
 D = Non-vault monster count
 E = Vault monster count
 F = Vault count percentage of total count
                 A         B        C        D         E       F
            +---------+---------+-------+---------+---------+-------
      Total |     114 |       0 |   0.0 |      49 |       0 |   0.0
            +---------+---------+-------+---------+---------+-------
        D:1 |      41 |       0 |   0.0 |      23 |       0 |   0.0
        D:2 |      56 |       0 |   0.0 |      17 |       0 |   0.0
        D:3 |      17 |       0 |   0.0 |       9 |       0 |   0.0
            +---------+---------+-------+---------+---------+-------
